 Dungeon Crawl Stone Soup version 0.17-a0-1141-g3e25b61 (webtiles) character file.

4536 Ladykiller69 the Cleaver (level 10, -2/73 HPs)
             Began as a Formicid Fighter on May 26, 2015.
             Was a Priest of Cheibriados.
             Slain by an orc wizard
             ... wielding a +2 dagger of electrocution
              (12 damage)
             ... on level 8 of the Dungeon.
             The game lasted 00:32:12 (9315 turns).

Ladykiller69 the Cleaver (Formicid Fighter)         Turns: 9315, Time: 00:32:12

Health: -2/73      AC: 15    Str: 30    XL:     10   Next: 66%
Magic:  10/10      EV:  8    Int: 16    God:    Cheibriados [***...]
Gold:   459        SH: 13    Dex: 17    Spells: 0 memorised, 9 levels left

rFire  . . .     SeeInvis +     M - +0 broad axe
rCold  . . .     Clarity  .     B - +0 plate armour
rNeg   . . .     SustAt   .     c - +0 shield
rPois  .         Gourm    .     (helmet unavailable)
rElec  .         Spirit   .     I - +0 cloak
rCorr  .         Warding  .     E - +0 pair of gloves
rMut   .         Stasis   +     F - +0 pair of boots
MR     +....                    (no amulet)
Stlth  ..........               (no ring)
                                (no ring)

@: very slow, somewhat resistant to hostile enchantments, extremely unstealthy
A: permanent stasis, dig shafts and tunnels, four strong arms, antennae 3
a: Dig, Shaft Self, Bend Time, Temporal Distortion, Renounce Religion


You were on level 8 of the Dungeon.
You worshipped Cheibriados.
Cheibriados was most pleased with you.
You were hungry.

You visited 2 branches of the dungeon, and saw 9 of its levels.

You collected 459 gold pieces.

Inventory:

Hand weapons
 a - a +0 war axe
 M - a +0 broad axe (weapon)
Armour
 b - a +0 scale mail
 c - a +0 shield (worn)
 v - a +0 chain mail
 B - a +0 plate armour (worn)
 E - a +0 pair of gloves (worn)
 F - a +0 pair of boots (worn)
 I - a +0 cloak (worn)
Jewellery
 D - an uncursed ring of protection from fire {unknown}
 G - an uncursed ring of flight {unknown}
 L - a cursed ring of teleportation {unknown}
Magical devices
 f - a wand of flame (25)
 t - a wand of polymorph (12)
 z - a wand of polymorph (17)
 K - a wand of disintegration (10)
Scrolls
 g - 6 scrolls of teleportation {unknown}
 h - 3 scrolls of enchant weapon {unknown}
 i - a scroll of acquirement {unknown}
 j - a scroll of noise {unknown}
 k - 9 scrolls of recharging {unknown}
 m - 2 scrolls of fog {unknown}
 n - 3 scrolls of random uselessness {unknown}
 p - 2 scrolls of magic mapping {unknown}
 q - 4 scrolls of remove curse {unknown}
 s - 2 scrolls of enchant armour {unknown}
 w - 10 scrolls of identify {unknown}
 y - a scroll of blinking {unknown}
 C - a scroll of immolation {unknown}
 O - a scroll of fear {unknown}
Potions
 d - 2 potions of might
 u - a potion of resistance {unknown}
 x - a potion of flight {unknown}
 H - a potion of haste {unknown}
 N - a potion of curing
Books
 A - a book of Alchemy

   Spells                             Type                      Level
   a - Sublimation of Blood           Necromancy                   2
   b - Ignite Poison                  Fire/Transmutation/Poison    3
   c - Alistair's Intoxication        Transmutation/Poison         4
   d - Condensation Shield            Ice                          4
   e - Petrify                        Transmutation/Earth          4
   f - Irradiate                      Conjuration/Transmutation    5
 J - a Young Poisoner's Handbook

   Spells                             Type                      Level
   a - Sting                          Conjuration/Poison           1
   b - Cure Poison                    Poison                       2
   c - Mephitic Cloud                 Conjuration/Poison/Air       3
   d - Olgreb's Toxic Radiance        Poison                       4
   e - Venom Bolt                     Conjuration/Poison           5
Comestibles
 e - 8 bread rations
 l - 3 beef jerkies
 o - a slice of pizza
 r - 6 meat rations


   Skills:
 + Level 4.5 Fighting
 * Level 11.7 Axes
 + Level 4.5 Armour
 + Level 1.5 Dodging
 - Level 10.1 Shields


You had 9 spell levels left.
You didn't know any spells.

Dungeon Overview and Level Annotations

Branches:
Dungeon (8/15)             Temple (1/1) D:5
   Lair: D:8-11

Altars:
Ashenzari
Cheibriados
Elyvilon
Gozag
Kikubaaqudgha
Makhleb
Okawaru
Qazlal
Ru
Trog
Vehumet
Xom
The Shining One

Shops:
D:4 ([?   D:5 [   D:7 %   D:8 *

Annotations:
D:5 DEFE's ghost, experienced TeFi
D:6 Menkaure


Innate Abilities, Weirdness & Mutations

You are under a permanent stasis effect.
You can dig through walls and to a lower floor.
Your four strong arms can wield two-handed weapons with a shield.
You have a pair of large antennae on your head (SInv).


Message History

You block the orc wizard's attack.
You slice the orc wizard!!
You kill the orc wizard!
Cheibriados appreciates the change of pace.
You barely miss the orc wizard. You block the orc wizard's attack.
You miss the orc wizard. You block the orc wizard's attack.
You hit the orc wizard.
The orc wizard is lightly wounded.
The orc wizard hits you with a dagger of electrocution.
You are electrocuted!
* * * LOW HITPOINT WARNING * * *
You slash the orc wizard!
The orc wizard is severely wounded.
The orc wizard casts a spell.
The orc wizard seems to speed up.
You miss the orc wizard.
The orc wizard is severely wounded.
The orc wizard hits you but does no damage.
You are electrocuted!
You die...

#.##########.##.....
#.# #......... #.#
#.###..##. #.#
###.###..##. #o#
#.....#).... #.#
#.....##.... #.#
#.....#.#### #.###
#....).## #.#@##
##.....## ###
#.##o###.###### #..
#.#{###.## #.#
#.o....## #.#
######.# ##### #.#
#.#####...# #.#
#.##......# #.#
#.##.##...###.#
#....###......#


You could see an orc wizard.

Vanquished Creatures
  Joseph (D:7)
  Psyche (D:8)
  A two-headed ogre (D:8)
  A hippogriff (D:8)
  Grum (D:8)
  2 wolves (D:8)
  Duvessa (D:5)
  5 orc warriors
  A phantom (D:8)
  3 ice beasts
  A black bear (D:8)
  4 ogres
  3 centaurs
  8 giant frogs
  Dowan (D:5)
  A wyvern skeleton (D:8)
  2 scorpions (D:8)
  A hound (D:6)
  2 crimson imps
  6 orc priests
  A jelly (D:8)
  A quasit (D:7)
  2 giant frog skeletons
  Ijyb (D:4)
  An iguana (D:5)
  5 orc wizards
  3 worker ants
  Robin (D:3)
  9 adders
  A gnoll (D:1)
  A shadow imp (D:6)
  An ooze (D:3)
  An adder zombie (D:6)
  5 worms
  4 giant geckos
  34 orcs
  8 bats
  2 bat zombies
  5 giant cockroaches
  27 goblins
  12 hobgoblins
  9 jackals
  14 kobolds
  3 quokkas
  A ball python (D:5)
  A giant newt (D:1)
  A quokka zombie (D:8)
  14 rats
214 creatures vanquished.

Vanquished Creatures (others)
  A rat (D:7)
1 creature vanquished.

Grand Total: 215 creatures vanquished

Notes
Turn   | Place    | Note
--------------------------------------------------------------
     0 | D:1      | Ladykiller69 the Formicid Fighter began the quest for the Orb.
     0 | D:1      | Reached XP level 1. HP: 18/18 MP: 1/1
    56 | D:1      | Reached XP level 2. HP: 6/24 MP: 2/2
   741 | D:1      | Reached XP level 3. HP: 29/29 MP: 3/3
   906 | D:2      | Reached skill level 4 in Shields
   919 | D:2      | Found a shattered altar of Ashenzari.
  1187 | D:2      | Reached XP level 4. HP: 31/36 MP: 4/4
  1377 | D:2      | You fall through a shaft for 2 floors!
  1397 | D:4      | Found Sauply's Magic Scroll Shoppe.
  1458 | D:4      | You fall through a shaft for 3 floors!
  1488 | D:7      | Reached XP level 5. HP: 23/42 MP: 5/5
  1702 | D:6      | Reached skill level 5 in Shields
  1702 | D:6      | Reached XP level 6. HP: 33/48 MP: 6/6
  1836 | D:6      | Noticed Menkaure
  2158 | D:7      | Noticed an ogre
  2240 | D:7      | Noticed a giant frog
  2255 | D:7      | Killed a giant frog
  2347 | D:6      | Noticed an ogre
  2384 | D:7      | Reached skill level 5 in Axes
  2384 | D:7      | Reached XP level 7. HP: 52/54 MP: 7/7
  2703 | D:7      | Found Iphisett's Food Shop.
  2804 | D:7      | Noticed Joseph
  3006 | D:6      | Reached skill level 6 in Shields
  3151 | D:6      | Killed an ogre
  3238 | D:6      | Noticed an ice beast
  3324 | D:5      | Entered Level 5 of the Dungeon
  3326 | D:5      | Reached XP level 8. HP: 57/60 MP: 8/8
  3408 | D:5      | Found a bloodstained altar of Trog.
  3419 | D:5      | Noticed DEFE's ghost (experienced TeFi)
  3530 | D:6      | Noticed an ogre
  3535 | D:6      | Killed an ogre
  3542 | D:6      | Noticed a centaur
  3560 | D:6      | Killed a centaur
  3560 | D:6      | Reached skill level 7 in Axes
  3868 | D:5      | Found Tud Qar's Armour Emporium.
  4255 | D:4      | Noticed Ijyb
  4287 | D:4      | Killed Ijyb
  4848 | D:3      | Noticed Robin
  4877 | D:3      | Killed Robin
  5480 | D:3      | Found a white marble altar of Elyvilon.
  5482 | D:3      | Found a shattered altar of Ashenzari.
  5483 | D:3      | Found an iron altar of Okawaru.
  5494 | D:3      | Found a radiant altar of Vehumet.
  5498 | D:3      | Found a shimmering altar of Xom.
  5630 | D:4      | Found Ryfa's Armour Shop.
  5753 | D:4      | Found Xojibipny's Antique Weapon Boutique.
  5759 | D:4      | Reached skill level 8 in Axes
  6090 | D:5      | Found a staircase to the Ecumenical Temple.
  6112 | D:5      | Reached XP level 9. HP: 65/65 MP: 9/9
  6116 | Temple   | Entered the Ecumenical Temple
  6138 | Temple   | Became a worshipper of Cheibriados the Contemplative
  6315 | D:5      | Noticed Duvessa
  6316 | D:5      | Noticed Dowan
  6325 | D:5      | Killed Duvessa
  6346 | D:5      | Killed Dowan
  6346 | D:5      | Reached skill level 9 in Axes
  7148 | D:6      | Killed an ice beast
  7374 | D:7      | Killed Joseph
  7374 | D:7      | Acquired Cheibriados's first power
  7788 | D:7      | Noticed a giant frog
  7794 | D:7      | Killed a giant frog
  7794 | D:7      | Reached skill level 10 in Axes
  8302 | D:8      | Reached XP level 10. HP: 69/71 MP: 10/10
  8361 | D:8      | Noticed Grum
  8379 | D:8      | Killed Grum
  8534 | D:8      | Reached skill level 11 in Axes
  8643 | D:8      | Found Oxeug's Assorted Antiques.
  8834 | D:8      | Reached skill level 10 in Shields
  9120 | D:8      | Acquired Cheibriados's second power
  9203 | D:8      | Reached skill level 1 in Dodging
  9220 | D:8      | Noticed Psyche
  9229 | D:8      | Killed Psyche
  9315 | D:8      | Slain by an orc wizard

Vault maps used:
D:1:      minmay_arrival_split_and_join
D:2:      minivault_23, minmay_misc_feat_more_columns, evilmike_ruin_ashenzari
D:3:      minmay_overflow_temple_star_hex, uniq_robin
D:4:      kennysheep_the_goblin_king, serial_shops, kennysheep_mini, shop, shop,
          hangedman_abyss_or_decor_jellyfish_corner
D:5:      lightli_temple_of_fire, temple_statues, serial_shops,
          nicolae_shop_crystal, first_bread, uniq_duvessa
D:6:      uniq_menkaure
D:7:      serial_shops, shop, uniq_joseph
D:8:      serial_shops, nicolae_shop_behind_doors, uniq_psyche, uniq_grum
Temple:   nicolae_temple_god_jail

Action                   |  1- 3 |  4- 6 |  7- 9 | 10-12 || total
-------------------------+-------+-------+-------+-------++-------
Melee: War axe           |    88 |    79 |   542 |    94 ||   803
       Broad axe         |       |       |       |   101 ||   101
 Abil: Dig               |    10 |     7 |    17 |     4 ||    38
       Shaft Self        |       |     1 |       |       ||     1
  Use: Potion            |       |       |     5 |       ||     5
  Eat: Chunk             |     2 |     3 |    20 |     2 ||    27
       Fruit             |       |       |     2 |       ||     2
